 Dungeon Crawl Stone Soup version 0.22-a0-512-g0943f25 (webtiles) character file.

108 inc the Chopper (level 4, -1/33 HPs)
             Began as a Demonspawn Gladiator on June 18, 2018.
             Killed from afar by a white imp (6 damage)
             ... with a puff of frost
             ... summoned by Natasha
             ... on level 3 of the Dungeon.
             The game lasted 00:08:10 (2487 turns).

inc the Chopper (Demonspawn Gladiator)              Turns: 2487, Time: 00:08:11

Health: -1/33      AC:  6    Str: 14    XL:     4   Next: 58%
Magic:  4/4        EV: 13    Int: 10    God:
Gold:   104        SH:  0    Dex: 15    Spells: 3/3 levels left

rFire    . . .     SeeInvis .   a - +0 war axe
rCold    . . .     Gourm    .   (no shield)
rNeg     . . .     Faith    .   b - +0 leather armour
rPois    .         Spirit   .   c - +0 helmet
rElec    .         Reflect  .   (no cloak)
rCorr    +         Harm     .   (no gloves)
MR       .....                  (no boots)
Stlth    +.........             (no amulet)
HPRegen  0.11/turn              k - ring of resist corrosion
MPRegen  0.09/turn              (no ring)

@: no status effects
A: icy blue scales 1
a: no special abilities


You were on level 3 of the Dungeon.
You were not hungry.

You visited 1 branch of the dungeon, and saw 3 of its levels.

You collected 104 gold pieces.

Inventory:

Hand Weapons
 a - a +0 war axe (weapon)
Missiles
 d - 3 throwing nets (quivered)
Armour
 b - a +0 leather armour (worn)
 c - a +0 helmet (worn)
Jewellery
 k - a ring of resist corrosion (left hand)
Scrolls
 e - 3 scrolls of identify {unknown}
 i - a scroll of magic mapping {unknown}
 j - a scroll of fog {unknown}
 l - a scroll of immolation {unknown}
Potions
 g - a potion of curing {unknown}
 h - a potion of mutation {unknown}
 m - 2 potions of might {unknown}
 n - a potion of lignification {unknown}
 o - a potion of berserk rage {unknown}
Comestibles
 f - 5 rations
 p - 6 chunks of flesh


   Skills:
 - Level 2.2 Fighting
 + Level 4.8 Axes
 - Level 1.7 Throwing
 - Level 2.8 Dodging


You had 3 spell levels left.
You didn't know any spells.
Your spell library contained the following spells:

 Spells                   Type           Power        Failure   Level  Hunger
 Magic Dart               Conj           #...         43%         1    ##.....
 Conjure Flame            Conj/Fire      #.......     82%         3    ####...
 Slow                     Hex            #.......     58%         2    ###....
 Mephitic Cloud           Conj/Pois/Air  #.......     82%         3    ####...
 Blink                    Tloc           N/A          58%         2    ###....
 Call Imp                 Summ           #.......     58%         2    ###....


Dungeon Overview and Level Annotations

Branches:
Dungeon (3/15)

Altars:

Annotations:
D:3 Natasha


Innate Abilities, Weirdness & Mutations

You are partially covered in icy blue scales. (AC +2)


Message History

You closely miss the white imp. You hit the crimson imp.
The white imp completely misses you. The crimson imp misses you.
Natasha barely misses you.
Unknown command.
You closely miss Natasha.
Natasha is severely wounded.
You closely miss the crimson imp. You barely miss the white imp.
The white imp gestures at you. The puff of frost hits you!
* * * LOW HITPOINT WARNING * * *
The crimson imp hits you but does no damage.
Natasha claws you but does no damage.
The white imp hits you but does no damage.
The crimson imp closely misses you. Natasha closely misses you.
You barely miss Natasha.
Natasha is severely wounded.
You slash the crimson imp! You hit the white imp but do no damage.
The white imp gestures at you. The puff of frost hits you!
You die...

#....†....#
###+
#####.####.#.#
#..........#.#
#(......#### #
#.......#
#.......####.
#............#
#......###....
#..@5..+ ...
#..5h..# .
#......#
#......#
########


You could see Natasha, a crimson imp and a white imp.

Vanquished Creatures
  5 adders
  2 dart slugs
  5 leopard geckos
  4 orcs (D:3)
  2 giant cockroaches (D:1)
  6 goblins (D:1)
  3 hobgoblins
  3 jackals (D:1)
  A quokka (D:2)
  A ball python (D:1)
  7 bats
  3 frilled lizards
  4 kobolds
  3 rats
49 creatures vanquished.

Notes
Turn   | Place    | Note
-------+----------+-------------------------------------------
     0 | D:1      | inc the Demonspawn Gladiator began the quest for the Orb.
     0 | D:1      | Reached XP level 1. HP: 16/16 MP: 1/1
   777 | D:1      | Reached skill level 3 in Axes
   809 | D:1      | Gained mutation: You are partially covered in icy blue scales. (AC +2) [demonic ancestry]
   809 | D:1      | Reached XP level 2. HP: 21/22 MP: 2/2
  1006 | D:1      | Reached XP level 3. HP: 12/27 MP: 3/3
  1634 | D:2      | Reached skill level 4 in Axes
  1803 | D:2      | Reached XP level 4. HP: 26/33 MP: 4/4
  2477 | D:3      | Noticed Natasha
  2487 | D:3      | Killed from afar by a white imp

Vault maps used:
D:1:      grunt_arrival_crossed_arrows, grunt_decor_resistance,
          minmay_splitting_lines, minmay_tall_x
D:3:      uniq_natasha

Skill      XL: |  1  2  3 |
---------------+----------+-----
Axes           | 3 4 |  4.8
Fighting       | |  2.2
Throwing       | |  1.7
Dodging        | |  2.8

Action                   |  1- 3 |  4- 6 || total
-------------------------+-------+-------++-------
Melee: War axe           |   100 |    42 ||   142
 Stab: Sleeping          |       |     1 ||     1
  Eat: Chunk             |     3 |     2 ||     5
Armor: Leather armour    |    51 |    12 ||    63
Dodge: Dodged            |    99 |    39 ||   138

Table legend:
 A = Spawn XP
 B = Non-spawn XP
 C = Spawn XP percentage of total XP
 D = Spawn monster count
 E = Non-spawn monster count
 F = Spawn count percentage of total count
 G = Total turns spent on level
                    A         B        C        D         E        F      G
               +---------+---------+-------+---------+---------+-------+---------
         Total |       0 |     155 |   0.0 |       0 |      49 |   0.0 |  2487
               +---------+---------+-------+---------+---------+-------+---------
           D:1 |       0 |      46 |   0.0 |       0 |      25 |   0.0 |  1472
           D:2 |       0 |      67 |   0.0 |       0 |      17 |   0.0 |   724
           D:3 |       0 |      42 |   0.0 |       0 |       7 |   0.0 |   291
               +---------+---------+-------+---------+---------+-------+---------
